 Dungeon Crawl Stone Soup version 0.32-a0-12-g7fc57aa741 (webtiles) character file.

Game seed: 12544580278748903851

13 zazu2006 the Prestidigitator (level 2, -3/20 HPs)
             Began as a Gnoll Wanderer on Jan 14, 2024.
             Killed themself with a badly aimed burst of rock shards (23 damage)
             ... on level 1 of the Dungeon.
             The game lasted 00:01:21 (762 turns).

zazu2006 the Prestidigitator (Gnoll Wanderer)        Turns: 762, Time: 00:01:22

Health: -3/20      AC:  3    Str: 15    XL:     2   Next: 37%
Magic:  2/2        EV: 11    Int:  9    God:
Gold:   87         SH:  0    Dex:  9    Spells: 1/1 levels left

rFire   . . .        a - +0 dagger
rCold   . . .        (no shield)
rNeg    . . .        f - +0 leather armour
rPois   .            (no helmet)
rElec   .            (no cloak)
rCorr   .            (no gloves)
SInv    .            (no boots)
Will    .....        (no amulet)
Stlth   +            (no ring)
HPRegen 0.23/turn    (no ring)
MPRegen 0.08/turn

%: no passive effects
@: no status effects
A: fangs 1, strong nose, distributed training
a: no special abilities


You were on level 1 of the Dungeon.
You visited 1 branch of the dungeon, and saw 1 of its levels.

You collected 87 gold pieces.

Inventory:

Hand Weapons
 a - a +0 dagger (weapon)
Missiles
 c - 11 poisoned darts (quivered)
Armour
 f - a +0 leather armour (worn)
Jewellery
 j - an amulet of guardian spirit
Scrolls
 e - a scroll of silence
 g - a scroll of enchant armour {unknown}
Potions
 b - a potion of lignification
 h - a potion of enlightenment {unknown}
 i - a potion of might {unknown}
Miscellaneous
 d - a tin of tremorstones (1/2)


   Skills:
 + Level 0.4 Fighting
 + Level 0.4 Short Blades
 + Level 0.4 Long Blades
 + Level 0.4 Axes
 + Level 0.4 Maces & Flails
 + Level 0.4 Polearms
 + Level 0.4 Staves
 + Level 0.4 Ranged Weapons
 + Level 4.5 Throwing
 + Level 2.5 Armour
 + Level 0.4 Dodging
 + Level 0.4 Stealth
 + Level 0.4 Shields
 + Level 6.5 Unarmed Combat
 + Level 0.4 Spellcasting
 + Level 0.2 Conjurations
 + Level 0.2 Hexes
 + Level 0.2 Summonings
 + Level 0.2 Necromancy
 + Level 0.2 Translocations
 + Level 0.2 Fire Magic
 + Level 0.2 Ice Magic
 + Level 0.2 Air Magic
 + Level 0.2 Earth Magic
 + Level 0.2 Alchemy
 + Level 0.5 Invocations
 + Level 8.5 Evocations
 + Level 0.3 Shapeshifting


You had one spell level left.
You didn't know any spells.
Your spell library was empty.

Dungeon Overview and Level Annotations

Branches:
Dungeon (1/15)

Altars:


Innate Abilities, Weirdness & Mutations

You have very sharp teeth.
Your uncanny sense of smell can sniff out nearby items.
Your experience applies equally to all skills.


Message History

The ball python constricts you. The bat hits you.
You completely miss the ball python.
The ball python is severely wounded.
The bat barely misses you. The bat closely misses you.
The ball python bites you. The ball python constricts you.
You hit the ball python.
The ball python is severely wounded.
The bat hits you but does no damage. The ball python barely misses you.
The ball python constricts you.
You hit the ball python but do no damage.
The ball python is severely wounded.
The bat barely misses you. The ball python bites you.
The ball python constricts you. The ball python barely misses you.
The ball python constricts you.
You barely miss the ball python.
The ball python is severely wounded.
The bat barely misses you. The bat hits you but does no damage.
The ball python closely misses you. The ball python constricts you.
You hit the ball python.
You kill the ball python!
The bat completely misses you. The bat hits you but does no damage.
You see here a ball python corpse.
The bat misses you. The bat hits you. The bat hits you.
You hit the bat but do no damage. The bat closely misses you.
The bat hits you but does no damage.
You barely miss the bat. The bat misses you. The bat barely misses you.
The bat hits you but does no damage. The bat misses you.
You closely miss the bat. You punch the bat.
You kill the bat!
Things that are here:
a bat corpse; a ball python corpse A dart slug comes into view.
A dart slug is nearby!
The tremorstone explodes into fragments!
The burst of rock shards engulfs you!!
Ouch! That really hurt!
You die...

........ . ###
#.##.... #.....#
####. #.#.#.# ##
#.#.#.#######
#.#.#.......w ##
#.#...?.... ...
#.##....# ##.
#.##.@..#### #.
#............ #.
# #..#....#####
#.###
#####.##..######
#.# ..........#
#.###
########..#
#.#.. #. #..#
#.#.. #. #..#
#.#.. #. #..#
#.###


You could see a dart slug (asleep).

Vanquished Creatures
  A hobgoblin (D:1)
  3 jackals (D:1)
  A quokka (D:1)
  2 ball pythons (D:1)
  2 bats (D:1)
  3 frilled lizards (D:1)
  A rat (D:1)
13 creatures vanquished.

Notes
Turn   | Place    | Note
-------+----------+-------------------------------------------
     0 | D:1      | zazu2006 the Gnoll Wanderer began the quest for the Orb.
     0 | D:1      | zazu2006 set off with the following items: a +0 dagger, a
                  | potion of lignification, 11 poisoned darts, a tin of
                  | tremorstones (2/2), a scroll of silence, a +0 leather
                  | armour.
     0 | D:1      | Reached XP level 1. HP: 13/13 MP: 1/1
   300 | D:1      | Reached XP level 2. HP: 16/19 MP: 2/2
   762 | D:1      | Killed themself with a badly aimed burst of rock shards

Illustrated notes

Levels and vault maps discovered:
D:1:      wander_arrival_desolate, layout_basic, nicolae_eternal_life

Action                     || total
---------------------------++-------
  Melee: Dagger            ||    67
         Bite              ||     3
         Punch             ||     4
  Evoke: Tin of tremorston ||     1
 Armour: Leather armour    ||    58
  Dodge: Dodged            ||    56

Table legend: (Time is in decaauts)
 A = Elapsed time spent in this place.
 B = Non-inter-level travel time spent in this place.
 C = Inter-level travel time spent in this place.
 D = Time resting spent in this place.
 E = Time spent auto-exploring this place.
 F = Levels seen in this place.
 G = Mean time per level.
                   A        B        C        D        E       F      G
               +--------+--------+--------+--------+--------+-----+--------+
         Total |    761 |    755 |      6 |      0 |    621 |   1 |  761.0 |
       Dungeon |    761 |    755 |      6 |      0 |    621 |   1 |  761.0 |
               +--------+--------+--------+--------+--------+-----+--------+

Top non-repeatable levels by time:
     D:1: 761 daAuts
